 Dungeon Sprint DCSS version 0.21-a0-437-ge5bf024 (webtiles) character file.

140 theanonym the Cleaver (level 8, -5/90 HPs)
             Began as a Gargoyle Fighter on Nov 9, 2017.
             Was a High Priest of Makhleb.
             Slain by the 27-headed Lernaean hydra (9 damage)
             ... in the Dungeon (Sprint VI: "Thunderdome").
             The game lasted 00:07:52 (652 turns).

theanonym the Cleaver (Gargoyle Fighter)             Turns: 652, Time: 00:07:53

Health: -5/90      AC: 12    Str: 28    XL:     8   Next: 46%
Magic:  8/8        EV:  7    Int:  8    God:    Makhleb [*****.]
Gold:   120        SH: 10    Dex:  9    Spells: 7/7 levels left

rFire    . . .     SeeInvis .   p - +0 broad axe (freeze)
rCold    . . .     Gourm    .   c - +0 shield
rNeg     + . .     Faith    .   k - +0 scale mail
rPois    ∞         Spirit   .   (no helmet)
rElec    +         Reflect  .   (no cloak)
rCorr    .         Harm     .   (no gloves)
MR       .....     NoTele   +   (no boots)
Stlth    ..........             (no amulet)
HPRegen  0.25/turn              (no ring)
MPRegen  0.11/turn              (no ring)

@: berserking, hasted, very quick
A: negative energy resistance 1, electricity resistance, unbreathing,
petrification resistance, rot immunity, AC +5
a: Minor Destruction, Lesser Servant of Makhleb, Major Destruction, Greater
Servant of Makhleb, Renounce Religion


Innate Abilities, Weirdness & Mutations

You are resistant to torment.
Your stone body is resilient. (AC +5)
You are immune to poison.
You resist negative energy. (rN+)
You are resistant to electric shocks. (rElec)
You can survive without breathing.
You are immune to petrification.
You are immune to rotting.


   Skills:
 + Level 11.8 Fighting
 * Level 13.3 Axes
 - Level 3.2 Armour
 - Level 3.2 Shields


You had 7 spell levels left.
You didn't know any spells.

Skill      XL: |  1  2  3  4  5  6  7  8 |
---------------+-------------------------+-----
Axes           | 3 5 7 9 11 12 13 | 13.3
Fighting       | 4 5 7 8 10 11 | 11.8
Armour         | |  3.2
Shields        | |  3.2

Action                   |  1- 3 |  4- 6 |  7- 9 || total
-------------------------+-------+-------+-------++-------
Melee: Broad axe         |    17 |    38 |    38 ||    93
       War axe           |     3 |       |       ||     3
  Use: Potion            |     1 |     2 |     2 ||     5
       Scroll            |       |       |     1 ||     1
Armor: Scale mail        |    16 |    37 |    34 ||    87
Dodge: Dodged            |     5 |    15 |    10 ||    30
Block: Shield            |     9 |    21 |    25 ||    55

Inventory:

Hand Weapons
 p - a +0 broad axe of freezing (weapon)
   (You bought it in a shop in the Dungeon)
Armour
 c - a +0 shield (worn)
 k - a +0 scale mail (worn)
Wands
 l - a wand of acid (5/15)
   (You found it in the Dungeon)
 m - a wand of iceblast (5/15)
   (You found it in the Dungeon)
Scrolls
 b - 4 scrolls of blinking
 f - 3 scrolls of fog {!r}
Potions
 d - a potion of mutation {unknown}
 e - a potion of curing
 h - 3 potions of haste
 i - 2 potions of magic
 q - 3 potions of heal wounds
Comestibles
 n - a bread ration

Dungeon Overview and Level Annotations

Branches:
Dungeon (1/1)

Altars:
Cheibriados
Dithmenos
Fedhas
Gozag
Kikubaaqudgha
Makhleb
Okawaru
Qazlal
Ru
Sif Muna
Trog
Uskayaw
Vehumet
Wu Jian
Xom
Yredelemnul
Zin
The Shining One
Beogh
Jiyva
Lugonu

Shops:
D *[%??*?*:[((!!!!

Annotations:
D Lernaean hydra You were in the Dungeon. You worshipped Makhleb. Makhleb was extremely pleased with you. You were not hungry. You visited 1 branch You collected 440 gold pieces. You spent 320 gold pieces at shops.


Message History

You closely miss the wight. 10... You block the wight's attack.
You closely miss the wight. The wight hits you but does no damage.
You slash the wight!
You destroy the wight!
Makhleb accepts your kill.
You can now summon a greater servant of Makhleb.
No target in view!
No target in view!
No target in view!
Things that are here:
an enchanted hand axe; a robe 5... 4... 3... 2... 1...
Time's up!
The arena falls silent.
You lost your score multiplier.
You now have 140 arena points (gained 24).
You now have 320 gold pieces (gained 40).
There is an entrance to Muesimu's Must-Have Magic here.
Done exploring.
Search for what [Enter for "plate", or ? for help]? axe Unknown command.
Search for what [Enter for "axe", or ? for help]? brand
There is an entrance to Kunol's Magic Scroll Shop here.
g - a scroll of brand weapon Thank you for shopping at Kunol's Magic Scroll Shop!
As you read the scroll of brand weapon, it crumbles to dust.
Your +0 broad axe is covered with a thin layer of ice!
p - a +0 broad axe of freezing (weapon)
Drop what? 15/52 slots (_ for help) (? for menu, Esc to quit)
You drop a +0 war axe.
Search for what [Enter for "brand", or ? for help]? ant we Unknown command.
Done exploring.
Done exploring.
Done exploring.
You start waiting.
Get ready!
You start waiting.
ROUND 5!
BOSS ROUND!
You start waiting.
An alligator comes into view.
Unknown command.
You hit the alligator. You freeze the alligator. You slash the alligator!
You freeze the alligator. You block the alligator's attack.
The alligator tail-slaps you but does no damage.
You slash the alligator! You freeze the alligator.
The alligator puts on a burst of speed!
The alligator closely misses you. The alligator tail-slaps you.
The 27-headed Lernaean hydra comes into view.
You take 3 damage, and have 57/60 hp.
You slash the alligator!
The alligator seems to slow down.
You freeze the alligator.
The alligator bites you but does no damage.
You block the alligator's attack.
You hit the alligator.
The alligator seems to slow down.
You freeze the alligator. The alligator bites you!
You block the alligator's attack.
You take 7 damage, and have 50/60 hp.
You hit the alligator.
The alligator seems to slow down.
You freeze the alligator. You hit the alligator. You freeze the alligator.
The alligator bites you! You block the alligator's attack.
You take 8 damage, and have 43/60 hp.
You hit the alligator but do no damage.
The alligator bites you but does no damage.
The alligator tail-slaps you but does no damage.
You barely miss the alligator. You block the alligator's attack.
The alligator tail-slaps you.
You take 6 damage, and have 37/60 hp.
Unknown command.
You feel yourself speed up. You block the alligator's attack. x2
A red film seems to cover your vision as you go berserk!
You feel yourself moving faster!
You feel mighty!
The alligator is no longer moving slowly.
The 27-headed Lernaean hydra bites you!
* * * LOW HITPOINT WARNING * * *
The 27-headed Lernaean hydra bites you.
* * * LOW HITPOINT WARNING * * *
The 27-headed Lernaean hydra bites you!
* * * LOW HITPOINT WARNING * * *
The 27-headed Lernaean hydra bites you!
* * * LOW HITPOINT WARNING * * *
The 27-headed Lernaean hydra completely misses you.
The 27-headed Lernaean hydra bites you but does no damage. x3
The 27-headed Lernaean hydra bites you.
* * * LOW HITPOINT WARNING * * *
The 27-headed Lernaean hydra bites you.
* * * LOW HITPOINT WARNING * * *
The 27-headed Lernaean hydra barely misses you.
The 27-headed Lernaean hydra bites you!
* * * LOW HITPOINT WARNING * * *
The 27-headed Lernaean hydra bites you!
You die...

##### ##⌠⌠⌠## #.....#
##@t...## ##∩D....∩##
#∩.......∩# #_......._#
#_......._# #_......._#
###.........###
#⌠...........⌠#
######.8.........8.######


You could see the 27-headed Lernaean hydra and an alligator.

Notes
Turn   | Place    | Note
-------+----------+-------------------------------------------
     0 | D        | theanonym the Gargoyle Fighter began the quest for the Orb.
     0 | D        | Reached XP level 1. HP: 14/14 MP: 1/1
     0 | D        | Found a sacrificial altar of Ru.
     0 | D        | Found an ancient bone altar of Kikubaaqudgha.
     1 | D        | Found a deep blue altar of Sif Muna.
     2 | D        | Found a bloodstained altar of Trog.
     2 | D        | Found a burning altar of Makhleb.
     3 | D        | Found Zyffith's Do-It-Yourself Clinic.
     3 | D        | Found a radiant altar of Vehumet.
     3 | D        | Found a corrupted altar of Lugonu.
     3 | D        | Found Julak's Distillery.
     4 | D        | Found Siath's Bottled Wisdom.
     4 | D        | Found Lewaekh's Distillery.
     5 | D        | Round 1.
    10 | D        | Found a viscous altar of Jiyva.
    14 | D        | Became a worshipper of Makhleb the Destroyer
    18 | D        | Found a shimmering altar of Xom.
    18 | D        | Found a hide-covered altar of Uskayaw.
    44 | D        | Found a blossoming altar of Fedhas.
    45 | D        | Found a shadowy altar of Dithmenos.
    45 | D        | Found an ornate altar of the Wu Jian Council.
    46 | D        | Found an iron altar of Okawaru.
    46 | D        | Found a glowing silver altar of Zin.
    47 | D        | Found Uhymuss's Premium Goods.
    47 | D        | Found Empaseen's Weapon Rack.
    48 | D        | Found a basalt altar of Yredelemnul.
    48 | D        | Found Riunomix's Miscellaneous Merchandise.
    48 | D        | Found Xixiceac's Basic Armour.
    51 | D        | Found Ysohad's Identification Station.
    51 | D        | Found Feh Yhis's Advanced Armour.
    52 | D        | Found Coureo's Jewellery.
    53 | D        | Found a roughly hewn altar of Beogh.
    53 | D        | Found an opulent altar of Gozag.
    53 | D        | Found Ludgh's Bee Food.
    56 | D        | Reached skill level 2 in Axes
    70 | D        | Found a snail-covered altar of Cheibriados.
    92 | D        | Bought a +0 broad axe for 120 gold pieces
   104 | D        | Reached skill level 3 in Axes
   107 | D        | Noticed a scorpion
   107 | D        | Reached * piety under Makhleb
   107 | D        | Reached skill level 4 in Fighting
   107 | D        | Reached XP level 2. HP: 12/20 MP: 2/2
   126 | D        | HP: 6/20 [scorpion (5)]
   127 | D        | Killed a scorpion
   127 | D        | Reached skill level 5 in Fighting
   127 | D        | Reached skill level 5 in Axes
   127 | D        | Reached XP level 3. HP: 14/27 MP: 3/3
   127 | D        | Reached XP level 4. HP: 16/32 MP: 4/4
   140 | D        | Reached ** piety under Makhleb
   140 | D        | Arena points: 14 (+14) [x2]
   140 | D        | Reached skill level 6 in Axes
   170 | D        | Round 2.
   180 | D        | Noticed Blork the orc
   189 | D        | Killed Blork the orc
   189 | D        | Reached skill level 7 in Fighting
   189 | D        | Reached skill level 7 in Axes
   189 | D        | Reached XP level 5. HP: 37/38 MP: 5/5
   218 | D        | Arena points: 32 (+18) [x3]
   232 | D        | Round 3.
   260 | D        | Noticed a fire bat
   265 | D        | HP: 18/38 [fire bat (9)]
   268 | D        | Noticed a fire bat
   270 | D        | HP: 17/38 [fire bat (1)]
   276 | D        | HP: 14/38 [fire bat (1)]
   279 | D        | Noticed a fire bat
   282 | D        | Killed a fire bat
   282 | D        | Reached skill level 8 in Fighting
   282 | D        | Reached skill level 9 in Axes
   282 | D        | Reached XP level 6. HP: 45/45 MP: 6/6
   287 | D        | Killed a fire bat
   287 | D        | Reached *** piety under Makhleb
   287 | D        | Reached skill level 9 in Fighting
   287 | D        | Reached skill level 10 in Axes
   288 | D        | Killed a fire bat
   288 | D        | Reached skill level 10 in Fighting
   288 | D        | Reached skill level 11 in Axes
   288 | D        | Reached XP level 7. HP: 49/52 MP: 7/7
   300 | D        | Noticed a fire bat
   304 | D        | Noticed a fire bat
   309 | D        | Killed a fire bat
   309 | D        | Reached skill level 12 in Axes
   314 | D        | Killed a fire bat
   314 | D        | Reached skill level 11 in Fighting
   314 | D        | Reached XP level 8. HP: 60/60 MP: 8/8
   327 | D        | Found a glowing golden altar of the Shining One.
   328 | D        | Found a stormy altar of Qazlal.
   329 | D        | Found Kawugees's Magic Scroll Shop.
   329 | D        | Found Lynecw's Staff Store.
   330 | D        | Found Kunol's Magic Scroll Shop.
   330 | D        | Found Muesimu's Must-Have Magic.
   354 | D        | Reached **** piety under Makhleb
   354 | D        | Arena points: 116 (+84) [x4]
   421 | D        | Round 4.
   545 | D        | Noticed a wraith
   556 | D        | Killed a wraith
   556 | D        | Reached skill level 13 in Axes
   576 | D        | Reached ***** piety under Makhleb
   584 | D        | Arena points: 140 (+24) [x1]
   593 | D        | Bought a scroll of brand weapon for 200 gold pieces
   599 | D        | Round 5.
   640 | D        | Noticed an alligator
   645 | D        | Noticed the 27-headed Lernaean hydra
   652 | D        | HP: 44/90 [the 27-headed Lernaean hydra (12)]
   652 | D        | HP: 20/90 [the 27-headed Lernaean hydra (11)]
   652 | D        | HP: 4/90 [the 27-headed Lernaean hydra (12)]
   652 | D        | Slain by the 27-headed Lernaean hydra

Vanquished Creatures
  A wraith (D)
  6 fire bats (D)
  Blork the orc (D)
  A scorpion (D)
  2 wights (D)
  3 worms (D)
  An orc (D)
  2 spectral bats (D)
  2 giant cockroaches (D)
19 creatures vanquished.
